 Dungeon Crawl Stone Soup version 0.23.2-33-g5129a83184 (webtiles) character file.

Game seed: 1660906281078654387

392 FishyPogo the Grave Robber (level 6, 0/56 HPs)
             Began as a Deep Dwarf Necromancer on Aug 5, 2019.
             Was a Follower of Dithmenos.
             Slain by an ogre
             ... wielding a +0 giant club
              (20 damage)
             ... on level 4 of the Dungeon.
             The game lasted 00:28:37 (3381 turns).

FishyPogo the Grave Robber (Deep Dwarf Necromancer) Turns: 3381, Time: 00:28:38

Health: 0/56       AC:  3    Str: 11    XL:     6   Next: 51%
Magic:  10/10      EV: 13    Int: 17    God:    Dithmenos [*.....]
Gold:   172        SH:  0    Dex: 14    Spells: 6/11 levels left

rFire    + . .     SeeInvis .   b - +0 war axe
rCold    . . .     Gourm    .   (no shield)
rNeg     . . .     Faith    .   l - +0 animal skin
rPois    .         Spirit   .   m - +0 helmet
rElec    .         Reflect  .   (no cloak)
rCorr    .         Harm     .   (no gloves)
MR       .....                  (no boots)
Stlth    +.........             (no amulet)
HPRegen  0.00/turn              e - ring of protection from fire
MPRegen  0.12/turn              (no ring)

@: confused, non-regenerating, wreathed by umbra
A: damage resistance, heal wounds, sense surroundings 1, no regeneration
a: Heal Wounds, Renounce Religion


You were on level 4 of the Dungeon.
You worshipped Dithmenos.
Dithmenos was aware of your devotion.
You were hungry.

You visited 1 branch of the dungeon, and saw 4 of its levels.
You also visited: Ossuary.

You collected 172 gold pieces.

Inventory:

Hand Weapons
 b - a +0 war axe (weapon)
Missiles
 d - 82 stones (quivered)
Armour
 l - a +0 animal skin (worn)
 m - a +0 helmet (worn)
 o - a +0 pair of gloves
Jewellery
 e - a ring of protection from fire (left hand)
 k - an uncursed ring of protection from fire
Scrolls
 g - 4 scrolls of identify {unknown}
 h - 4 scrolls of remove curse
 q - a scroll of enchant weapon {unknown}
 s - 3 scrolls of random uselessness {unknown}
 w - a scroll of immolation
Potions
 f - a potion of heal wounds {unknown}
 i - a potion of cancellation {unknown}
 j - a potion of agility {unknown}
 n - a potion of curing {unknown}
 r - a potion of might {unknown}
 t - 5 potions of degeneration {unknown}
 u - a potion of invisibility {unknown}
 v - a potion of lignification {unknown}
Comestibles
 c - 6 rations


   Skills:
 - Level 3.0 Fighting
 + Level 0.5 Axes
 - Level 3.0 Dodging
 + Level 4.1 Stealth
 * Level 3.3 Spellcasting
 - Level 5.0 Necromancy
 * Level 2.4 Invocations


You had 6 spell levels left.
You knew the following spells:

 Your Spells              Type           Power        Failure   Level  Hunger
a - Pain                  Necr           ###.         2%          1    None
b - Animate Skeleton      Necr           N/A          2%          1    None
c - Vampiric Draining     Necr           ###.......   7%          3    ###....

Your spell library contained the following spells:

 Spells                   Type           Power        Failure   Level  Hunger
 Animate Dead             Necr           N/A          22%         4    ####...
 Regeneration             Chrm/Necr      Unusable     N/A         3    N/A

Dungeon Overview and Level Annotations

Branches:
Dungeon (4/15)
 Temple: D:4-7

Altars:
Ashenzari
Dithmenos
The Shining One


Innate Abilities, Weirdness & Mutations

You are resistant to damage.
You can heal yourself by infusing magical energy.
You passively map a small area around you.
You do not regenerate.


Message History

Aiming: Vampiric Draining (safe; 7% risk of failure)
Press: ? - help, Shift-Dir - straight line, f/p - orc wizard
Aim: an orc wizard, wielding a -2 dagger and wearing a +0 leather armour (moderately wounded, fast, umbra)
The orc wizard is severely wounded.
You feel life coursing into your body.
The orc wizard hits you but does no damage.
The orc wizard misses you.
You slash the orc wizard!
You kill the orc wizard!
Dithmenos accepts your kill. The ogre misses you.
As you read the scroll labeled CEPRUE HAPIR, it crumbles to dust.
You feel blessed for a moment.
It was a scroll of remove curse.
The ogre misses you.
It was a potion of ambrosia.
You are confused.
You feel invigorated.
You closely miss the ogre. The ogre barely misses you.
The ogre hits you with a +0 giant club!!
You die...

####.....##
#..##..##
#.....#
#.......#
###.###
##.##...#
#)#
#.#....###
#.#
#.........
#.#
##.#.....##
#o#
#.##......#
#O#
##.##....##
#@#
*#.###.##
#.# *#.#.##
#.# *#..#
#.# #..####
#.# #......
#.# #.#####
#.# #.....#
#.# #####.#
****,* #.#


You could see an ogre and an orc.

Vanquished Creatures
  A bullfrog (D:3)
  2 hounds (D:4)
  A human zombie (D:4)
  2 orc wizards (D:4)
  A worker ant (D:4)
  A mummy (Ossuary)
  Robin (D:2)
  5 adders
  A worm (D:2)
  4 dart slugs
  2 leopard geckos (D:3)
  4 orcs
  2 ball pythons
  12 bats
  3 giant cockroaches
  13 goblins
  9 hobgoblins
  5 jackals (D:3)
  2 kobolds
  4 frilled lizards
  A jackal zombie (D:4)
  A kobold zombie (D:4)
  9 rats
86 creatures vanquished.

Vanquished Creatures (collateral kills)
  A dart slug (D:3)
  A ball python (D:3)
  A giant cockroach (D:4)
  A goblin (D:2)
  A hobgoblin (D:2)
  2 frilled lizards
7 creatures vanquished.

Grand Total: 93 creatures vanquished

Notes
Turn   | Place    | Note
-------+----------+-------------------------------------------
     0 | D:1      | FishyPogo the Deep Dwarf Necromancer began the quest for
                  | the Orb.
     0 | D:1      | Reached XP level 1. HP: 15/15 MP: 3/3
    16 | D:1      | Learned a level 1 spell: Animate Skeleton
   312 | D:1      | Reached XP level 2. HP: 22/22 MP: 3/5
   473 | D:1      | Found a shattered altar of Ashenzari.
   680 | D:1      | Reached XP level 3. HP: 28/28 MP: 2/6
   892 | D:2      | Found a glowing golden altar of the Shining One.
   936 | D:1      | Learned a level 3 spell: Vampiric Draining
  1031 | D:2      | Reached skill level 1 in Fighting
  1412 | D:2      | Reached skill level 5 in Necromancy
  1470 | D:2      | Noticed Robin
  1488 | D:2      | Killed Robin
  1488 | D:2      | Reached XP level 4. HP: 36/38 MP: 2/7
  2161 | D:3      | Noticed a bullfrog
  2174 | D:3      | Killed a bullfrog
  2174 | D:3      | Reached XP level 5. HP: 35/45 MP: 0/8
  2267 | D:3      | Found a faded altar of an unknown god.
  2290 | D:3      | Found a shadowy altar of Dithmenos.
  2313 | D:3      | Found a shattered altar of Ashenzari.
  2317 | D:3      | Became a worshipper of Dithmenos the Shadowed
  2891 | D:4      | Found a sand-covered staircase.
  2920 | D:4      | Reached skill level 1 in Invocations
  2941 | D:4      | Noticed an ogre
  3099 | D:4      | Reached XP level 6. HP: 26/55 MP: 3/10
  3185 | Ossuary  | Entered an ossuary
  3352 | D:4      | Reached * piety under Dithmenos
  3381 | D:4      | Slain by an ogre

Skill      XL: |  1  2  3  4  5  6 |
---------------+-------------------+-----
Spellcasting   | 2 3 |  3.3
Stealth        | 3 4 |  4.1
Dodging        | 3 |  3.0
Fighting       | 1 2 3 |  3.0
Necromancy     | 5 |  5.0
Invocations    | 1 2 |  2.4
Axes           | |  0.5

Action                   |  1- 3 |  4- 6 || total
-------------------------+-------+-------++-------
Melee: Unarmed           |    22 |    58 ||    80
       War axe           |       |    42 ||    42
Throw: Stone             |     6 |     5 ||    11
 Cast: Pain              |    82 |    54 ||   136
       Animate Skeleton  |     7 |     9 ||    16
       Vampiric Draining |     5 |    20 ||    25
 Abil: Heal Wounds       |       |     2 ||     2
  Use: Scroll            |       |     4 ||     4
       Potion            |       |     1 ||     1
  Eat: Chunk             |     4 |     8 ||    12
Armor: Robe              |     9 |       ||     9
       Animal skin       |       |    24 ||    24
Dodge: Dodged            |    21 |    93 ||   114
